 Dungeon Crawl Stone Soup version 0.29-a0-284-gf9362112df (webtiles) character file.

Game seed: 15137062402413106670

289 rabbitsville the Chiller (level 6, -1/28 HPs)
             Began as a Vine Stalker Ice Elementalist on Mar 17, 2022.
             Was an Initiate of Dithmenos.
             Succumbed to Ijyb's poison
             ... on level 5 of the Dungeon.
             The game lasted 00:17:13 (3234 turns).

rabbitsville the Chiller (VSIE)                     Turns: 3234, Time: 00:17:13

Health: -1/28      AC: 11    Str: 12 (13) XL:     6   Next: 31%
Magic:  5/13       EV:  9    Int: 13 (15) God:    Dithmenos [......]
Gold:   148        SH:  0    Dex: 12 (14) Spells: 12/13 levels left

rFire   . . .      SeeInvis .   g - +2 dagger (venom)
rCold   . . .      Faith    .   (no shield)
rNeg    . . .      Spirit   +   w - +5 scale mail
rPois   .          Reflect  .   (no helmet)
rElec   .          Harm     .   (no cloak)
rCorr   +          Rampage  .   (no gloves)
Will    .....                   (no boots)
Stlth   +.........              (no amulet)
HPRegen 0.89/turn               s - ring of resist corrosion
MPRegen 0.13/turn               (no ring)

@: lethally poisoned (-1 -> -11), flying
A: fangs 2, regeneration 1, magic shield, antimagic bite, no potion heal 2
a: Renounce Religion


You were on level 5 of the Dungeon.
You worshipped Dithmenos.
Dithmenos was noncommittal.
You visited 1 branch of the dungeon, and saw 5 of its levels.

You collected 148 gold pieces.

Inventory:

Hand Weapons
 c - a +0 spear
 g - a +2 dagger of venom (weapon)
Missiles
 d - 2 throwing nets
 q - 4 silver javelins
Armour
 a - a +0 robe
 w - a +5 scale mail (worn)
Jewellery
 s - a ring of resist corrosion (left hand)
Scrolls
 e - 3 scrolls of identify
 f - 2 scrolls of noise
 j - a scroll of magic mapping {unknown}
 k - a scroll of blinking {unknown}
 l - a scroll of fog
 m - a scroll of enchant weapon {unknown}
 n - a scroll of fear {unknown}
 t - a scroll of vulnerability {unknown}
 u - a scroll of silence {unknown}
 v - a scroll of enchant armour
 y - a scroll of teleportation {unknown}
Potions
 b - a potion of magic
 h - a potion of cancellation {unknown}
 i - a potion of resistance {unknown}
 o - 2 potions of heal wounds {unknown}
 p - 2 potions of flight
 x - a potion of invisibility {unknown}
 z - a potion of attraction {unknown}
 A - a potion of curing {unknown}


   Skills:
 - Level 1.5 Dodging
 - Level 2.4 Stealth
 + Level 4.1 Spellcasting
 * Level 6.5 Ice Magic


You had 12 spell levels left.
You knew the following spells:

 Your Spells              Type           Power      Damage    Failure   Level
a - Freeze                Ice            76%        1d9       8%          1

Your spell library contained the following spells:

 Spells                   Type           Power      Damage    Failure   Level
 Frozen Ramparts          Ice            38%        1d5       24%         3
 Ozocubu's Armour         Ice            19%        N/A       24%         3
 Shock                    Conj/Air       8%         1d3       75%         1
 Hailstorm                Conj/Ice       11%        3d5       96%         4
 Swiftness                Air            2%         N/A       98%         3
 Airstrike                Air            1%         N/A       100%        4


Dungeon Overview and Level Annotations

Branches:
Dungeon (5/15)
 Temple: D:4-7

Altars:
Cheibriados
Dithmenos
Okawaru
Vehumet
Yredelemnul
The Shining One

Shops:
D:3 :

Annotations:
D:5 Ijyb


Innate Abilities, Weirdness & Mutations

You have extremely sharp teeth.
Your natural rate of healing is unusually fast.
When hurt, damage is shared between your health and your magic reserves.
Your bite disrupts and absorbs the magic of your enemies.
Potions cannot restore your health.


Message History

You hear a shout!
As you read the scroll labelled GECSONOGHI, it crumbles to dust.
You hear a loud clanging noise!
It was a scroll of noise.
You feel sick.
You hear a shout! x2; You hear a bark!
You hear a shout!
Ijyb screams, "Die!"
You closely miss Ijyb.
Ijyb is lightly wounded.
You feel sick. Ijyb completely misses you.
As you read the scroll labelled DILOADW YSKOTE, it crumbles to dust.
It is a scroll of enchant armour.
Your +4 scale mail glows green for a moment.
You feel sick. Ijyb hits you but does no damage.
You are more poisoned.
As you read the scroll labelled BOZYJIS QECHUMN, it crumbles to dust.
It is a scroll of identify.
l - a scroll of fog You feel sick.
Ijyb hits you but does no damage.
You are more poisoned.
You feel very sick.
You feel very sick.
You feel sick.
An ogre comes into view. It is wielding a +0 giant spiked club.
Ijyb attacks as you move away! Ijyb hits you but does no damage.
You are lethally poisoned!
* * * LOW HITPOINT WARNING * * *
You feel very sick.
The ogre shouts!
It was a potion of degeneration.
There was something very wrong with that liquid.
You feel weakened.
You feel dopey.
You feel clumsy.
* * * LOW HITPOINT WARNING * * *
You feel very sick.
Ijyb looks more healthy.
Ijyb hits you with a +1 dagger of venom.
You are more poisoned.
It was a potion of flight.
You feel very buoyant.
You fly up into the air.
You die...

#............
#........# #####
#........# #....
######.### #....
#O# #....
#.############....
#c#...............
#g#.##########....
#@#........# #...<
#.#..#####.# #....
#.#..# #.###....
#.#..# #...'....
#.#..#########....
#.#..#............
#.#..#(#######....
#.####.# #....
#......# #####


You could see an ogre, Ijyb and a centaur.

Vanquished Creatures
  2 black bears
  4 adders
  A worm (D:4)
  4 dart slugs
  4 orcs
  2 bats
  An endoplasm (D:2)
  3 giant cockroaches
  6 goblins
  3 hobgoblins
  3 quokkas
  4 ball pythons
  4 frilled lizards
  13 kobolds
  8 rats
62 creatures vanquished.

Vanquished Creatures (others)
  2 plants (D:1)
2 creatures vanquished.

Grand Total: 64 creatures vanquished

Notes
Turn   | Place    | Note
-------+----------+-------------------------------------------
     0 | D:1      | rabbitsville the Vine Stalker Ice Elementalist began the
                  | quest for the Orb.
     0 | D:1      | Reached XP level 1. HP: 9/9 MP: 4/4
   352 | D:1      | Reached XP level 2. HP: 9/13 MP: 3/6
   684 | D:1      | Reached XP level 3. HP: 16/16 MP: 7/7
  1320 | D:2      | Reached skill level 5 in Ice Magic
  1633 | D:2      | You fall into a shaft and drop 2 floors!
  1742 | D:3      | Found a basalt altar of Yredelemnul.
  1752 | D:3      | Found a glowing golden altar of the Shining One.
  1752 | D:3      | Found a snail-covered altar of Cheibriados.
  1756 | D:3      | Gained mutation: Your natural rate of healing is unusually
                  | fast. [Vine Stalker growth]
  1756 | D:3      | Reached XP level 4. HP: 21/21 MP: 9/9
  1774 | D:3      | Found a shadowy altar of Dithmenos.
  1852 | D:3      | Became a worshipper of Dithmenos the Shadowed
  2025 | D:3      | Found Gocefaz's Book Boutique.
  2359 | D:4      | Found a radiant altar of Vehumet.
  2570 | D:4      | Noticed a black bear
  2589 | D:4      | Killed a black bear
  2590 | D:4      | Reached skill level 6 in Ice Magic
  2590 | D:4      | Reached XP level 5. HP: 12/24 MP: 5/11
  3072 | D:5      | Entered Level 5 of the Dungeon
  3089 | D:5      | Noticed a black bear
  3101 | D:5      | Killed a black bear
  3102 | D:5      | Reached XP level 6. HP: 19/28 MP: 6/13
  3123 | D:5      | Found an iron altar of Okawaru.
  3220 | D:5      | Noticed Ijyb
  3234 | D:5      | Succumbed to Ijyb's poison

Illustrated notes

Levels and vault maps discovered:
D:1:      roderic_octagonal_star, layout_basic, serial_bayou_lagoon_a
D:2:      layout_loops_ring
D:3:      layout_rooms, nicolae_overflow_quartered_altars, serial_shops, shop
D:4:      layout_loops_ring, mainiacjoe_overflow_alcove_1, st_stairs_14,
          minivault_1, lemuel_old_faithful
D:5:      layout_basic, kennysheep_okawaru_gauntlet, nicolae_gozag_seed_capital,
          jmf_multi_god_temple, temple_pool_b, serial_shops, shop, uniq_ijyb

Skill      XL: |  1  2  3  4  5 |
---------------+----------------+-----
Ice Magic      | 5 6 |  6.5
Spellcasting   | 3 4 |  4.1
Dodging        | |  1.5
Stealth        | |  2.4

Action                   |  1- 3 |  4- 6 || total
-------------------------+-------+-------++-------
Melee: Spear             |    20 |       ||    20
       Bite              |    13 |    16 ||    29
       Dagger            |    60 |    62 ||   122
       Punch             |     1 |     1 ||     2
Throw: Javelin           |       |     6 ||     6
 Cast: Freeze            |     4 |     3 ||     7
  Use: Scroll            |       |     3 ||     3
       Potion            |       |     2 ||     2
 Stab: Sleeping          |     9 |     1 ||    10
Armor: Robe              |    12 |     2 ||    14
       Scale mail        |       |    25 ||    25
Dodge: Dodged            |    40 |    35 ||    75

Table legend: (Time is in decaauts)
 A = Elapsed time spent in this place.
 B = Non-inter-level travel time spent in this place.
 C = Inter-level travel time spent in this place.
 D = Time resting spent in this place.
 E = Time spent auto-exploring this place.
 F = Levels seen in this place.
 G = Mean time per level.
                   A        B        C        D        E       F      G
               +--------+--------+--------+--------+--------+-----+--------+
         Total |   3246 |   3217 |     29 |    287 |   1382 |   5 |  649.2 |
       Dungeon |   3246 |   3217 |     29 |    287 |   1382 |   5 |  649.2 |
               +--------+--------+--------+--------+--------+-----+--------+

Top non-repeatable levels by time:
     D:1: 980 daAuts
     D:4: 926 daAuts
     D:2: 658 daAuts
     D:3: 517 daAuts
     D:5: 163 daAuts
